 Dungeon Crawl Stone Soup version 0.26-a0-642-g67e9924 (webtiles) character file.

Game seed: 7565270131872131161

158 royokou the Conjurer (level 5, -6/32 HPs)
             Began as a Gargoyle Conjurer on Sept 22, 2020.
             Splashed by a jelly's acid (9 damage)
             ... on level 3 of the Dungeon.
             The game lasted 00:09:04 (3028 turns).

royokou the Conjurer (Gargoyle Conjurer)            Turns: 3028, Time: 00:09:04

Health: -6/32      AC:  2    Str: 11    XL:     5   Next: 39%
Magic:  0/8        EV:  6    Int: 19    God:
Gold:   119        SH:  6    Dex:  8    Spells: 7/8 levels left

rFire    . . .     SeeInvis .   l - +0 whip
rCold    . . .     Faith    .   e - +0 kite shield
rNeg     + . .     Spirit   +   w - +0 scale mail
rPois    ∞         Reflect  .   (no helmet)
rElec    +         Harm     .   (no cloak)
rCorr    .         Rampage  .   (no gloves)
MR       .....                  (no boots)
Stlth    ..........             p - amulet of guardian spirit
HPRegen  0.10/turn              h - ring of poison resistance
MPRegen  0.11/turn              (no ring)

@: corroded, very slightly contaminated
A: negative energy resistance 1, electricity resistance, unbreathing,
petrification resistance, rot immunity, AC +4
a: no special abilities


You were on level 3 of the Dungeon.
You visited 1 branch of the dungeon, and saw 3 of its levels.

You collected 119 gold pieces.

Inventory:

Hand Weapons
 l - a +0 whip (weapon)
Armour
 e - a +0 kite shield (worn)
 w - a +0 scale mail (worn)
Jewellery
 h - a ring of poison resistance (left hand)
 p - an amulet of guardian spirit (around neck)
Wands
 t - a wand of polymorph (4)
Scrolls
 a - 2 scrolls of remove curse {unknown}
 b - 4 scrolls of identify {unknown}
 f - a scroll of blinking {unknown}
 g - a scroll of immolation {unknown}
 i - a scroll of fear {unknown}
 n - a scroll of random uselessness {unknown}
 o - 2 scrolls of enchant armour {unknown}
 u - a scroll of teleportation {unknown}
Potions
 c - a potion of stabbing {unknown}
 d - 2 potions of curing {unknown}
 j - a potion of ambrosia {unknown}
 k - 2 potions of brilliance {unknown}
 m - a potion of haste {unknown}
 q - 2 potions of lignification {unknown}
 r - a potion of berserk rage {unknown}
 s - a potion of heal wounds {unknown}
 v - a potion of degeneration {unknown}


   Skills:
 + Level 3.5 Fighting
 * Level 1.0 Maces & Flails
 + Level 3.5 Armour
 - Level 1.5 Dodging
 - Level 2.1 Stealth
 + Level 0.0 Shields
 - Level 2.0 Spellcasting
 - Level 4.3 Conjurations


You had 7 spell levels left.
You knew the following spells:

 Your Spells              Type           Power        Failure   Level
a - Magic Dart            Conj           ###.         71%         1

Your spell library contained the following spells:

 Spells                   Type           Power        Failure   Level
 Searing Ray              Conj           ###...       85%         2
 Dazzling Flash           Conj/Hex       ##....       100%        3
 Fulminant Prism          Conj/Hex       ##........   100%        4
 Iskenderun's Mystic Bla  Conj/Tloc      ##......     100%        4


Dungeon Overview and Level Annotations

Branches:
Dungeon (3/15)

Altars:

Annotations:
D:2 exclusion: downstairs
D:3 Sigmund


Innate Abilities, Weirdness & Mutations

You are resistant to torment.
Your stone body is resilient. (AC +4)
You are immune to poison.
You resist negative energy. (rN+)
You are resistant to electric shocks. (rElec)
You can survive without breathing.
You are immune to petrification.
You are immune to rotting.


Message History

The jelly hits you but does no damage.
Casting: Magic Dart (safe; 71% risk of failure)
Confirm with . or Enter, or press ? or * to list all spells.
You don't have enough magic to cast that spell.
You block the jelly's attack.
You hit the jelly. The acid corrodes you!
Your hands burn!
* * * LOW HITPOINT WARNING * * *
The jelly is severely wounded.
The jelly barely misses you.
You hit the jelly.
Your hands burn!
* * * LOW HITPOINT WARNING * * *
The jelly is severely wounded.
The jelly hits you but does no damage.
You hit the jelly but do no damage.
Your hands burn!
* * * LOW HITPOINT WARNING * * *
The jelly is severely wounded.
The jelly hits you.
* * * LOW HITPOINT WARNING * * *
You are splashed with acid!
You die...

##...†....## #.
#####..##### ##.
.........# ##.. #
######.#.### ###... ..
...#...# ##<..#. . ...#
###.###.# ###...... ###
#...#.....#.# #........
..#####.
#.......#.###........
........
#J@...#(##.........
........
####.....))........ .
..... #......#.##.....#
##..# #........#.......
....# #......#.#...(...
.##....
..........†.........
.##.# .
.....................
..#.####
.[....................
#.#....#
.............#>.........


You could see a jelly.

Vanquished Creatures
  A bullfrog skeleton (D:2)
  2 worker ants (D:2)
  3 adders
  A worm (D:2)
  2 dart slugs
  2 leopard geckos
  3 giant cockroaches
  3 goblins
  6 hobgoblins
  6 jackals (D:1)
  9 kobolds
  A quokka (D:2)
  A ball python (D:1)
  4 bats
  2 frilled lizards
  4 rats
50 creatures vanquished.

Notes
Turn   | Place    | Note
-------+----------+-------------------------------------------
     0 | D:1      | royokou the Gargoyle Conjurer began the quest for the Orb.
     0 | D:1      | Reached XP level 1. HP: 10/10 MP: 3/3
   291 | D:1      | Reached skill level 1 in Fighting
   291 | D:1      | Reached skill level 1 in Armour
   307 | D:1      | Reached XP level 2. HP: 16/16 MP: 3/5
   951 | D:1      | Reached XP level 3. HP: 21/21 MP: 3/6
  1514 | D:2      | Reached XP level 4. HP: 5/27 MP: 0/7
  2353 | D:2      | Reached XP level 5. HP: 32/32 MP: 2/8
  2499 | D:3      | Noticed Sigmund
  2795 | D:3      | Reached skill level 1 in Maces & Flails
  3028 | D:3      | Splashed by a jelly's acid

Illustrated notes

Levels and vault maps discovered:
D:1:      dpeg_arrival_simpleton_c, layout_loops_ring
D:2:      layout_basic
D:3:      layout_rooms, ebering_dispersal_statue_hall, uniq_sigmund

Skill      XL: |  1  2  3  4  5 |
---------------+----------------+-----
Fighting       | 1 2 3 |  3.5
Armour         | 1 2 3 |  3.5
Maces & Flails | 1 |  1.0
Dodging        | |  1.5
Stealth        | |  2.1
Spellcasting   | |  2.0
Conjurations   | |  4.3

Action                   |  1- 3 |  4- 6 || total
-------------------------+-------+-------++-------
Melee: Unarmed           |    23 |       ||    23
       Whip              |    12 |    38 ||    50
 Cast: Magic Dart        |    66 |    45 ||   111
Armor: Robe              |    11 |       ||    11
       Ring mail         |     7 |    21 ||    28
       Scale mail        |       |     9 ||     9
Dodge: Dodged            |    42 |    28 ||    70
Block: Kite shield       |       |     3 ||     3

Table legend: (Time is in decaauts)
 A = Elapsed time spent in this place.
 B = Non-inter-level travel time spent in this place.
 C = Inter-level travel time spent in this place.
 D = Time resting spent in this place.
 E = Time spent auto-exploring this place.
 F = Levels seen in this place.
 G = Mean time per level.
                   A        B        C        D        E       F      G
               +--------+--------+--------+--------+--------+-----+--------+
         Total |   3032 |   2925 |    107 |    692 |   1796 |   3 | 1010.7 |
       Dungeon |   3032 |   2925 |    107 |    692 |   1796 |   3 | 1010.7 |
               +--------+--------+--------+--------+--------+-----+--------+

Top non-repeatable levels by time:
     D:2: 1526 daAuts
     D:1: 1182 daAuts
     D:3: 323 daAuts
